 Dungeon Crawl Stone Soup version 0.27-a0-1202-ge72e49191c (webtiles) character file.

Game seed: 5985514977978554916

154 freelancePsychic the Skirmisher (level 5, -4/44 HPs)
             Began as a Palentonga Fighter on June 4, 2021.
             Slain by a gnoll sergeant
             ... wielding a +0 spear
              (7 damage)
             ... on level 3 of the Dungeon.
             The game lasted 00:05:40 (2515 turns).

freelancePsychic the Skirmisher (PaFi)              Turns: 2515, Time: 00:05:40

Health: -4/44      AC:  7    Str: 20    XL:     5   Next: 13%
Magic:  5/5        EV: 20    Int:  9    God:
Gold:   83         SH:  9    Dex:  9    Spells: 4/4 levels left

rFire    . . .     SeeInvis +   l - +0 whip (venom)
rCold    . . .     Faith    .   c - +0 kite shield
rNeg     . . .     Spirit   .   b - +0 scale mail
rPois    .         Reflect  .   (no helmet)
rElec    .         Harm     .   o - +0 cloak
rCorr    .         Rampage  .   (no gloves)
Will     .....                  (no barding)
Stlth    ..........             q - amulet of the acrobat
HPRegen  0.14/turn              (no ring)
MPRegen  0.09/turn              (no ring)

@: acrobatic
A: large, rugged brown scales 3, see invisible, deformed body, roll 1, armoured
tail
a: Rolling Charge


You were on level 3 of the Dungeon.
You visited 1 branch of the dungeon, and saw 3 of its levels.

You collected 83 gold pieces.

Inventory:

Hand Weapons
 a - a +0 war axe
 l - a +0 whip of venom (weapon)
Missiles
 e - 5 poisoned darts (quivered)
Armour
 b - a +0 scale mail (worn)
 c - a +0 kite shield (worn)
 o - a +0 cloak (worn)
Jewellery
 g - a ring of wizardry
 k - a ring of see invisible
 q - an amulet of the acrobat (around neck)
Wands
 m - a wand of flame (10)
Scrolls
 r - a scroll of enchant weapon {unknown}
Potions
 d - a potion of might
 f - 2 potions of flight {unknown}
 i - a potion of heal wounds {unknown}
 j - a potion of invisibility {unknown}
 n - a potion of degeneration {unknown}


   Skills:
 + Level 4.0 Fighting
 - Level 2.6(3.1) Axes
 - Level 2.4(3.0) Maces & Flails
 - Level 2.4 Armour
 + Level 3.2 Shields


You had 4 spell levels left.
You didn't know any spells.
Your spell library was empty.

Dungeon Overview and Level Annotations

Branches:
Dungeon (3/15)

Altars:


Innate Abilities, Weirdness & Mutations

You are completely covered in rugged brown scales. (AC +3, +7% HP)
You have supernaturally acute eyesight. (SInv)
Armour fits poorly on your strangely shaped body.
You can roll at nearby foes to attack.
You have a long armoured tail.


Message History

Throw: 7 darts (poison)
Press: ? - help, Q - select action, (/) - cycle Shift-Dir - straight line, f/p - gnoll sergeant
Aim: a gnoll sergeant, wielding a +0 spear, wearing a +0 scale mail, wearing a +0 kite shield and quivering stones (lightly wounded, 67% to hit)
You throw a poisoned dart.
The poisoned dart hits the gnoll sergeant.
The gnoll sergeant is poisoned.
The gnoll sergeant is lightly wounded.
The gnoll sergeant hits you from afar with a +0 spear.
Throw: 6 darts (poison)
Press: ? - help, Q - select action, (/) - cycle Shift-Dir - straight line, f/p - gnoll sergeant
Aim: a gnoll sergeant, wielding a +0 spear, wearing a +0 scale mail, wearing a +0 kite shield and quivering stones (moderately wounded, poisoned, 67% to hit)
You throw a poisoned dart.
The poisoned dart hits the gnoll sergeant.
The gnoll sergeant is moderately wounded.
The gnoll sergeant hits you from afar with a +0 spear!
* * * LOW HITPOINT WARNING * * *
You kill the gnoll!
Your Fighting skill increases to level 4!
The gnoll sergeant looks more healthy.
The gnoll sergeant throws a stone.
The stone barely misses you.
The gnoll sergeant throws a stone.
The stone hits you.
* * * LOW HITPOINT WARNING * * *
You are confused.
You feel invigorated.
The gnoll sergeant hits you with a +0 spear!
* * * LOW HITPOINT WARNING * * *
The gnoll sergeant hits you but does no damage.
You're too confused to move!
The gnoll sergeant hits you from afar with a +0 spear!
* * * LOW HITPOINT WARNING * * *
You bump into the rock wall.
You feel less invigorated.
You feel less confused.
The gnoll sergeant hits you but does no damage.
As you read the scroll of summoning, it crumbles to dust.
Wisps of shadow whirl around you...
The gnoll sergeant hits you from afar with a +0 spear.
* * * LOW HITPOINT WARNING * * *
You swap places.
The gnoll sergeant hits you from afar with a +0 spear!
You die...

#...###..######.((.
#...#..g...((......
#.....############÷
#.)(### #...#≈≈≈.
#...# #.###≈..#
#..)# ##.# #≈.#(
#g.S# ###..# #≈#.#
#...# ##...####≈.#.
#l@.# #..##...#≈..#
##### #.###...#≈≈≈.
#.# #...####' #.#
#....##†. ###.#
#..)†.... #...#
#....##.. #####
#....##.. #....##..
#######..


You could see a gnoll sergeant (ally target), a friendly ball python (summoned)
and a friendly frilled lizard (summoned).

Vanquished Creatures
  Crazy Yiuf (D:2)
  Jessica (D:2)
  A howler monkey skeleton (D:2)
  3 gnolls (D:3)
  An adder (D:3)
  An orc (D:3)
  3 ball pythons
  3 bats
  3 endoplasms
  7 goblins
  4 hobgoblins
  4 jackals (D:2)
  3 quokkas
  A frilled lizard (D:1)
  11 kobolds
  2 rats
49 creatures vanquished.

Notes
Turn   | Place    | Note
-------+----------+-------------------------------------------
     0 | D:1      | freelancePsychic the Palentonga Fighter began the quest for
                  | the Orb.
     0 | D:1      | Reached XP level 1. HP: 19/19 MP: 1/1
   304 | D:1      | Reached XP level 2. HP: 25/25 MP: 2/2
  1048 | D:2      | Noticed Jessica
  1053 | D:2      | Killed Jessica
  1054 | D:2      | Reached skill level 1 in Maces & Flails
  1054 | D:2      | Reached XP level 3. HP: 24/31 MP: 3/3
  1328 | D:2      | Reached XP level 4. HP: 37/37 MP: 4/4
  1394 | D:2      | Found a runed translucent door.
  1395 | D:2      | Noticed Crazy Yiuf
  1401 | D:2      | Killed Crazy Yiuf
  1794 | D:3      | Noticed a gnoll sergeant
  2456 | D:3      | Reached XP level 5. HP: 33/44 MP: 5/5
  2506 | D:3      | Reached skill level 4 in Fighting
  2507 | D:3      | HP: 2/44 [gnoll sergeant/stone (6)]
  2512 | D:3      | HP: 1/44 [gnoll sergeant/+0 spear (13)]
  2515 | D:3      | Slain by a gnoll sergeant

Illustrated notes

Levels and vault maps discovered:
D:1:      evilmike_arrival_rings, layout_loops_ring, kennysheep_crisscross,
          chequers_serial_rivers_small_b
D:2:      layout_basic, serial_glass, glass_columns_c, glass_columns_a,
          uniq_jessica, uniq_crazy_yiuf_cottage
D:3:      layout_rooms, kiku_gazebo_pond_becter, ebering_ecumenical_altar_hall,
          kennysheep_generic_room_10

Skill      XL: |  1  2  3  4  5 |
---------------+----------------+-----
Maces & Flails | 1 2 |  2.4
Shields        | 3 |  3.2
Fighting       | 4 |  4.0
Axes           | |  2.6
Armour         | |  2.4

Action                   |  1- 3 |  4- 6 || total
-------------------------+-------+-------++-------
Melee: War axe           |    37 |       ||    37
       Tailslap          |     6 |     8 ||    14
       Whip              |    31 |    50 ||    81
Throw: Dart              |       |    18 ||    18
 Abil: Rolling Charge    |    16 |     9 ||    25
  Use: Scroll            |     1 |     3 ||     4
       Potion            |       |     1 ||     1
Armor: Scale mail        |    29 |    13 ||    42
Dodge: Dodged            |     8 |    21 ||    29
Block: Kite shield       |    18 |    32 ||    50

Table legend: (Time is in decaauts)
 A = Elapsed time spent in this place.
 B = Non-inter-level travel time spent in this place.
 C = Inter-level travel time spent in this place.
 D = Time resting spent in this place.
 E = Time spent auto-exploring this place.
 F = Levels seen in this place.
 G = Mean time per level.
                   A        B        C        D        E       F      G
               +--------+--------+--------+--------+--------+-----+--------+
         Total |   2557 |   2422 |    135 |    389 |   1655 |   3 |  852.3 |
       Dungeon |   2557 |   2422 |    135 |    389 |   1655 |   3 |  852.3 |
               +--------+--------+--------+--------+--------+-----+--------+

Top non-repeatable levels by time:
     D:2: 1190 daAuts
     D:1: 1071 daAuts
     D:3: 295 daAuts
